TOP OF THE 1ST |
Pensacola Blue Wahoos batting - Pitching for Mobile BayBears : LHP Sean Zech
|
Pitching: LHP Sean Zech
|
|
Batting: RHB Sang-ton Pak
|
0-0: Called Strike 0-1: Ball 1-1: Ball 2-1: Fly out, F7 (Flyball, 7, EV 77.5 MPH)
|
Batting: RHB Matt Silva
|
0-0: Foul Ball, location: 2F 0-1: Ball 1-1: Ball 2-1: Swinging Strike 2-2: Ground out 6-3 (Groundball, 6, EV 85.0 MPH)
|
Batting: RHB Tony Casas
|
0-0: Called Strike 0-1: Called Strike 0-2: Foul Ball, location: 2F 0-2: DOUBLE (Line Drive, 9LS, EV 90.0 MPH)
|
Batting: RHB Dave Ruiz
|
0-0: Ball 1-0: Foul Ball, location: 2F 1-1: Swinging Strike 1-2: Strikes out swinging
|
Top of the 1st over - 0 runs, 1 hit, 0 errors, 1 left on base; Pensacola 0 - Mobile 0 |
BOTTOM OF THE 1ST |
Mobile BayBears batting - Pitching for Pensacola Blue Wahoos : LHP Suk-jin Sok
|
Pitching: LHP Suk-jin Sok
|
|
Batting: RHB Carlos Ballesteros
|
0-0: Ball 1-0: Called Strike 1-1: Swinging Strike 1-2: Ball 2-2: Foul Ball, location: 2F 2-2: Foul Ball, location: 2F 2-2: Ground out 6-3 (Groundball, 6, EV 82.5 MPH)
|
Batting: LHB Soo-yeon Kym
|
0-0: Called Strike 0-1: SINGLE (Line Drive, 8RS, EV 110.6 MPH)
|
Batting: RHB Josh Burrows
|
0-0: SINGLE (Groundball, 4S, EV 94.4 MPH) Soo-yeon Kym to second Runner from 2nd tries for 3rd, SAFE, no throw by CF
|
Batting: RHB Blake Beale
|
0-0: Ball 1-0: Swinging Strike 1-1: Swinging Strike 1-2: Strikes out swinging
|
Batting: LHB Koson Hirai
|
0-0: Foul Ball, location: 2F 0-1: Ball Wild Pitch! Soo-yeon Kym scores Josh Burrows to second 1-1: Called Strike 1-2: Foul Ball, location: 2F 1-2: Foul Ball, location: 2F 1-2: Foul Ball, location: 2F 1-2: Foul Ball, location: 2F 1-2: Fly out, F8 (Flyball, 8RD, EV 94.4 MPH)
|
Bottom of the 1st over - 1 run, 2 hits, 0 errors, 1 left on base; Pensacola 0 - Mobile 1 |
TOP OF THE 2ND |
Pensacola Blue Wahoos batting - Pitching for Mobile BayBears : LHP Sean Zech
|
Batting: RHB Jordan Torres
|
0-0: SINGLE (Flyball, 8RS, EV 91.2 MPH)
|
Batting: LHB Brian Snyder
|
0-0: Ball 1-0: Ball 2-0: Ball 3-0: Called Strike 3-1: Base on Balls Jordan Torres to second
|
Batting: RHB Pat Mage
|
0-0: Called Strike 0-1: Swinging Strike 0-2: Ball 1-2: Fly out, F7 (Line Drive, 7S, EV 89.4 MPH)
|
Batting: LHB Phil Lomax
|
0-0: Ball 1-0: Swinging Strike 1-1: Ball 2-1: Foul Ball, location: 2F 2-2: Strikes out looking
|
Batting: RHB Joe Kooyers
|
0-0: Ground out 3-1 (Groundball, 34S, EV 87.5 MPH)
|
Top of the 2nd over - 0 runs, 1 hit, 0 errors, 2 left on base; Pensacola 0 - Mobile 1 |
BOTTOM OF THE 2ND |
Mobile BayBears batting - Pitching for Pensacola Blue Wahoos : LHP Suk-jin Sok
|
Batting: RHB Chris Bittner
|
0-0: Called Strike 0-1: Foul Ball, location: 2F 0-2: Foul Ball, location: 2F 0-2: Ball 1-2: Foul Ball, location: 2F 1-2: Ball 2-2: Fly out, F8 (Flyball, 8RS, EV 96.2 MPH)
|
Batting: RHB Jeremy Adams
|
0-0: Called Strike 0-1: Swinging Strike 0-2: Ground out 6-3 (Groundball, P, EV 81.9 MPH)
|
Batting: RHB Will Washburn
|
0-0: Fly out, F6 (Popup, 6M, EV 67.5 MPH)
|
Bottom of the 2nd over - 0 runs, 0 hits, 0 errors, 0 left on base; Pensacola 0 - Mobile 1 |
TOP OF THE 3RD |
Pensacola Blue Wahoos batting - Pitching for Mobile BayBears : LHP Sean Zech
|
Batting: RHB Sang-ton Pak
|
0-0: Swinging Strike 0-1: Ball 1-1: Fly out, F7 (Flyball, 7, EV 92.5 MPH)
|
Batting: RHB Matt Silva
|
0-0: Swinging Strike 0-1: Swinging Strike 0-2: Ground out 5-3 (Groundball, 56, EV 97.5 MPH)
|
Batting: RHB Tony Casas
|
0-0: Ball 1-0: Called Strike 1-1: Ball 2-1: Ground out 2-3 (Groundball, 2R, EV 66.2 MPH)
|
Top of the 3rd over - 0 runs, 0 hits, 0 errors, 0 left on base; Pensacola 0 - Mobile 1 |
BOTTOM OF THE 3RD |
Mobile BayBears batting - Pitching for Pensacola Blue Wahoos : LHP Suk-jin Sok
|
Batting: RHB Curt Barrett
|
0-0: Ball 1-0: Ground out 5-3 (Groundball, 56S, EV 89.4 MPH)
|
Batting: RHB Carlos Ballesteros
|
0-0: Ball 1-0: Called Strike 1-1: DOUBLE (Groundball, 3L, EV 105.0 MPH)
|
Batting: LHB Soo-yeon Kym
|
0-0: 2-RUN HOME RUN (Flyball, 9LD, EV 93.8 MPH), Distance : 337 ft
|
Batting: RHB Josh Burrows
|
0-0: Called Strike 0-1: Swinging Strike 0-2: Ball 1-2: Foul Ball, location: 2F 1-2: Foul Ball, location: 2F 1-2: Foul Ball, location: 2F 1-2: Ball 2-2: Foul Ball, location: 2F 2-2: Ground out 6-3 (Groundball, 6, EV 78.8 MPH)
|
Batting: RHB Blake Beale
|
0-0: Ball 1-0: Called Strike 1-1: Called Strike 1-2: Foul Ball, location: 2F 1-2: Strikes out looking
|
Bottom of the 3rd over - 2 runs, 2 hits, 0 errors, 0 left on base; Pensacola 0 - Mobile 3 |
TOP OF THE 4TH |
Pensacola Blue Wahoos batting - Pitching for Mobile BayBears : LHP Sean Zech
|
Batting: RHB Dave Ruiz
|
0-0: Ball 1-0: Called Strike 1-1: Ball 2-1: Ball 3-1: Called Strike 3-2: Ground out 5-3 (Groundball, 56, EV 80.6 MPH)
|
Batting: RHB Jordan Torres
|
0-0: Fly out, F8 (Flyball, 89M, EV 80.0 MPH)
|
Batting: LHB Brian Snyder
|
0-0: Ball 1-0: Ball 2-0: Called Strike 2-1: Ground out 5-3 (Groundball, 6, EV 100.6 MPH)
|
Top of the 4th over - 0 runs, 0 hits, 0 errors, 0 left on base; Pensacola 0 - Mobile 3 |
BOTTOM OF THE 4TH |
Mobile BayBears batting - Pitching for Pensacola Blue Wahoos : LHP Suk-jin Sok
|
Batting: LHB Koson Hirai
|
0-0: Ball 1-0: Fly out, F9 (Flyball, 9D, EV 106.9 MPH)
|
Batting: RHB Chris Bittner
|
0-0: Ball 1-0: Called Strike 1-1: SOLO HOME RUN (Flyball, 9LD, EV 91.9 MPH), Distance : 342 ft
|
Batting: RHB Jeremy Adams
|
0-0: Called Strike 0-1: Swinging Strike 0-2: Ball 1-2: Strikes out swinging
|
Batting: RHB Will Washburn
|
0-0: Foul Ball, location: 2F 0-1: Ground out 4-3 (Groundball, 34, EV 97.5 MPH)
|
Bottom of the 4th over - 1 run, 1 hit, 0 errors, 0 left on base; Pensacola 0 - Mobile 4 |
TOP OF THE 5TH |
Pensacola Blue Wahoos batting - Pitching for Mobile BayBears : LHP Sean Zech
|
Batting: RHB Pat Mage
|
0-0: Fly out, F9 (Flyball, 89S, EV 91.9 MPH)
|
Batting: LHB Phil Lomax
|
0-0: Ball 1-0: Called Strike 1-1: Called Strike 1-2: Strikes out swinging
|
Batting: RHB Joe Kooyers
|
0-0: Called Strike 0-1: Ball 1-1: Ground out 6-3 (Groundball, 6, EV 85.0 MPH)
|
Top of the 5th over - 0 runs, 0 hits, 0 errors, 0 left on base; Pensacola 0 - Mobile 4 |
BOTTOM OF THE 5TH |
Mobile BayBears batting - Pitching for Pensacola Blue Wahoos : LHP Suk-jin Sok
|
Batting: RHB Curt Barrett
|
0-0: Ball 1-0: Swinging Strike 1-1: Foul Ball, location: 2F 1-2: Foul Ball, location: 2F 1-2: SINGLE (Flyball, 4D, EV 95.6 MPH)
|
Batting: RHB Carlos Ballesteros
|
0-0: Called Strike 0-1: Ball 1-1: Grounds into double play, 6-4-3 (Groundball, 6, EV 89.4 MPH)
|
Batting: LHB Soo-yeon Kym
|
0-0: Ball 1-0: Ground out 6-3 (Groundball, 6, EV 103.1 MPH)
|
Bottom of the 5th over - 0 runs, 1 hit, 0 errors, 0 left on base; Pensacola 0 - Mobile 4 |
TOP OF THE 6TH |
Pensacola Blue Wahoos batting - Pitching for Mobile BayBears : LHP Sean Zech
|
Batting: RHB Sang-ton Pak
|
0-0: SINGLE (Groundball, 3S, EV 66.9 MPH) (infield hit)
|
Batting: RHB Matt Silva
|
0-0: Fly out, F7 (Flyball, 78M, EV 77.5 MPH)
|
Batting: RHB Tony Casas
|
Pickoff Play to 1st, Runner tries for 2nd, OUT after rundown. 0-0: Ball 1-0: Foul Ball, location: 2F 1-1: Called Strike 1-2: Strikes out swinging
|
Top of the 6th over - 0 runs, 1 hit, 0 errors, 0 left on base; Pensacola 0 - Mobile 4 |
BOTTOM OF THE 6TH |
Mobile BayBears batting - Pitching for Pensacola Blue Wahoos : LHP Suk-jin Sok
|
Batting: RHB Josh Burrows
|
0-0: Foul Ball, location: 2F 0-1: Ball 1-1: Ball 2-1: Swinging Strike 2-2: Ball 3-2: Foul Ball, location: 2F 3-2: Ground out 5-3 (Groundball, 56, EV 104.4 MPH)
|
Batting: RHB Blake Beale
|
0-0: Called Strike 0-1: Foul Ball, location: 2F 0-2: Ball 1-2: Foul Ball, location: 2F 1-2: Ball 2-2: SINGLE (Line Drive, 7S, EV 92.5 MPH)
|
Batting: LHB Koson Hirai
|
0-0: Called Strike Blake Beale steals 2nd base 0-1: Ball 1-1: Ground out U3 (Groundball, 3S, EV 66.9 MPH) Blake Beale to third
|
Batting: RHB Chris Bittner
|
0-0: Ball 1-0: Ball 2-0: Foul Ball, location: 2F 2-1: Fly out, F8 (Flyball, 78M, EV 89.4 MPH)
|
Bottom of the 6th over - 0 runs, 1 hit, 0 errors, 1 left on base; Pensacola 0 - Mobile 4 |
TOP OF THE 7TH |
Pensacola Blue Wahoos batting - Pitching for Mobile BayBears : LHP Sean Zech
|
Batting: RHB Dave Ruiz
|
0-0: Fly out, F3 (Popup, 34, EV 70.0 MPH)
|
Batting: RHB Jordan Torres
|
0-0: Ball 1-0: Ball 2-0: Foul Ball, location: 2F 2-1: Ball 3-1: Base on Balls
|
Batting: LHB Brian Snyder
|
0-0: Ball 1-0: Ball 2-0: Called Strike 2-1: Ball 3-1: Called Strike 3-2: Foul Ball, location: 2F 3-2: Fly out, F7 (Flyball, 7D, EV 96.2 MPH)
|
Batting: RHB Pat Mage
|
0-0: Ball 1-0: Foul Ball, location: 2F 1-1: Hit by Pitch Jordan Torres to second
|
Batting: LHB Phil Lomax
|
0-0: Foul Ball, location: 2F 0-1: Ground out 6-3 (Groundball, P, EV 88.1 MPH)
|
Top of the 7th over - 0 runs, 0 hits, 0 errors, 2 left on base; Pensacola 0 - Mobile 4 |
BOTTOM OF THE 7TH |
Mobile BayBears batting - Pitching for Pensacola Blue Wahoos : LHP Suk-jin Sok
|
Batting: RHB Jeremy Adams
|
0-0: Called Strike 0-1: Ground out 5-3 (Groundball, 5, EV 91.2 MPH)
|
Batting: RHB Will Washburn
|
0-0: Swinging Strike 0-1: Called Strike 0-2: Strikes out looking
|
Batting: RHB Curt Barrett
|
0-0: Called Strike 0-1: Called Strike 0-2: Strikes out looking
|
Bottom of the 7th over - 0 runs, 0 hits, 0 errors, 0 left on base; Pensacola 0 - Mobile 4 |
TOP OF THE 8TH |
Pensacola Blue Wahoos batting - Pitching for Mobile BayBears : LHP Sean Zech
|
Batting: RHB Joe Kooyers
|
0-0: Foul Ball, location: 2F 0-1: Called Strike 0-2: Ground out 4-3 (Groundball, 34, EV 90.0 MPH)
|
Pitching: RHP Rick Foster
|
|
Batting: RHB Sang-ton Pak
|
0-0: Ball 1-0: SINGLE (Groundball, 34D, EV 108.8 MPH) (infield hit)
|
Batting: RHB Matt Silva
|
0-0: Ball 1-0: Foul Ball, location: 2F 1-1: SINGLE (Groundball, 4MD, EV 96.9 MPH) Sang-ton Pak to second
|
Batting: RHB Tony Casas
|
0-0: Called Strike 0-1: Ball 1-1: Ball 2-1: Foul Ball, location: 2F 2-2: Strikes out swinging
|
Batting: RHB Dave Ruiz
|
0-0: Called Strike 0-1: Ball 1-1: Fly out, F7 (Flyball, 78S, EV 83.1 MPH)
|
Top of the 8th over - 0 runs, 2 hits, 0 errors, 2 left on base; Pensacola 0 - Mobile 4 |
BOTTOM OF THE 8TH |
Mobile BayBears batting - Pitching for Pensacola Blue Wahoos : LHP Suk-jin Sok
|
Pitching: LHP Bob Hale
|
|
Batting: RHB Carlos Ballesteros
|
0-0: Fly out, F8 (Flyball, 8LD, EV 90.0 MPH)
|
Batting: LHB Soo-yeon Kym
|
0-0: Ball 1-0: Ball 2-0: Ball 3-0: Called Strike 3-1: Foul Ball, location: 2F 3-2: Base on Balls
|
Batting: RHB Josh Burrows
|
0-0: Ball 1-0: Foul Ball, location: 2F 1-1: Swinging Strike 1-2: SINGLE (Line Drive, 8RS, EV 90.6 MPH) Soo-yeon Kym to second
|
Batting: RHB Blake Beale
|
0-0: Ball 1-0: Ball 2-0: Called Strike 2-1: Ball 3-1: Fly out, F9 (Flyball, 9LS, EV 87.5 MPH)
|
Batting: LHB Koson Hirai
|
0-0: Ball 1-0: SINGLE (Groundball, 56D, EV 105.6 MPH) Soo-yeon Kym to third Josh Burrows to second Runner from 3rd tries for Home, throw by LF and OUT! 7-2
|
Bottom of the 8th over - 0 runs, 2 hits, 0 errors, 2 left on base; Pensacola 0 - Mobile 4 |
TOP OF THE 9TH |
Pensacola Blue Wahoos batting - Pitching for Mobile BayBears : RHP Rick Foster
|
Batting: RHB Jordan Torres
|
0-0: Ball 1-0: Ball 2-0: Called Strike 2-1: Called Strike 2-2: Foul Ball, location: 2F 2-2: Ball 3-2: Ground out 4-3 (Groundball, 4M, EV 88.1 MPH)
|
Batting: LHB Brian Snyder
|
0-0: Called Strike 0-1: Ball 1-1: Foul Ball, location: 2F 1-2: SINGLE (Line Drive, 78S, EV 103.8 MPH)
|
Batting: RHB Pat Mage
|
0-0: Ball 1-0: Ball 2-0: Ball 3-0: Called Strike 3-1: Fly out, F7 (Flyball, 78S, EV 86.9 MPH)
|
Pitching: LHP Heath Henderson
|
|
Batting: LHB Phil Lomax
|
0-0: Ball 1-0: Foul Ball, location: 2F 1-1: DOUBLE (Flyball, 9LD, EV 115.6 MPH) Brian Snyder to third
|
Batting: RHB Joe Kooyers
|
0-0: Ball 1-0: Ball 2-0: Ball 3-0: Called Strike 3-1: Hit by Pitch
|
Batting: RHB Sang-ton Pak
|
0-0: Ball 1-0: Called Strike 1-1: Ball 2-1: Ball 3-1: Foul Ball, location: 2F 3-2: Base on Balls Brian Snyder scores Phil Lomax to third Joe Kooyers to second
|
Batting: RHB Matt Silva
|
0-0: Called Strike 0-1: Ball 1-1: Ball 2-1: Ball 3-1: Base on Balls Phil Lomax scores Joe Kooyers to third Sang-ton Pak to second
|
Batting: RHB Tony Casas
|
0-0: Ball 1-0: Called Strike 1-1: Ball 2-1: Foul Ball, location: 2F 2-2: Strikes out swinging
|
Top of the 9th over - 2 runs, 2 hits, 0 errors, 3 left on base; Pensacola 2 - Mobile 4 |
|